 Dungeon Crawl Stone Soup version 0.28-a0-1493-g08698888e4 (webtiles) character file.

Game seed: 14339906179368001362

18 herbaltea the Sneak (level 2, 22/22 HPs)
             Began as a Vampire Brigand on Jan 13, 2022.
             Quit the game on level 1 of the Dungeon.
             The game lasted 00:01:52 (287 turns).

herbaltea the Sneak (Vampire Brigand)                Turns: 287, Time: 00:01:52

Health: 22/22      AC:  3    Str: 10    XL:     2   Next: 51%
Magic:  2/2        EV: 12    Int: 13    God:
Gold:   14         SH:  0    Dex: 15    Spells: 1/1 levels left

rFire   . . .      SeeInvis +   a - +2 dagger
rCold   . . .      Faith    .   (no shield)
rNeg    . . .      Spirit   .   b - +0 robe
rPois   .          Reflect  .   (no helmet)
rElec   .          Harm     .   c - +0 cloak
rCorr   .          Rampage  .   (no gloves)
Will    .....                   (no boots)
Stlth   +++.......              (no amulet)
HPRegen 0.27/turn               (no ring)
MPRegen 0.08/turn               (no ring)

@: healing quickly
A: alive, fangs 3, see invisible, vampiric 1
a: Exsanguinate


You were on level 1 of the Dungeon.
You visited 1 branch of the dungeon, and saw 1 of its levels.

You collected 14 gold pieces.

Inventory:

Hand Weapons
 a - a +2 dagger (weapon)
Missiles
 d - 8 poisoned darts (quivered)
 e - 2 curare-tipped darts
 g - 20 sling bullets
 h - 22 bolts
Armour
 b - a +0 robe (worn)
 c - a +0 cloak (worn)
Potions
 f - a potion of attraction {unknown}


   Skills:
 + Level 1.9 Fighting
 * Level 2.6 Short Blades
 + Level 1.7 Throwing
 + Level 1.4 Dodging
 * Level 6.3 Stealth


You had one spell level left.
You didn't know any spells.
Your spell library contained the following spells:

 Spells                   Type           Power      Damage    Failure   Level
 Summon Small Mammal      Summ           0%         N/A       30%         1
 Call Canine Familiar     Summ           0%         N/A       67%         3
 Summon Guardian Golem    Hex/Summ       0%         N/A       67%         3


Dungeon Overview and Level Annotations

Branches:
Dungeon (1/15)

Altars:


Innate Abilities, Weirdness & Mutations

Your natural rate of healing is accelerated.
You have razor-sharp teeth.
You have supernaturally acute eyesight. (SInv)
You are afflicted with vampirism.


Message History

A bat comes into view.
The helpless bat fails to defend itself.
You impale the bat!!
You kill the bat!
A quokka comes into view.
Found a hand axe.
The helpless quokka fails to defend itself.
You impale the quokka!!
You kill the quokka!
You see here a quokka corpse.
You see here a +0 hand axe.
A giant cockroach comes into view.
The helpless giant cockroach fails to defend itself.
You impale the giant cockroach!!
You kill the giant cockroach!
A ball python comes into view.
A kobold comes into view. It is wielding a +0 dagger.
The helpless ball python fails to defend itself.
You impale the ball python!!
You kill the ball python!
The kobold shouts!
The kobold closely misses you.
You barely miss the kobold. The kobold hits you but does no damage.
You miss the kobold. The kobold hits you but does no damage.
You closely miss the kobold. The kobold barely misses you.
You hit the kobold.
The kobold is severely wounded.
The kobold hits you with a +0 dagger.
You hit the kobold.
You kill the kobold!
No target in view!
No target in view!
Things that are here:
a +0 dagger; 5 stones; a kobold corpse
Found a stone staircase leading down.
A frilled lizard and a rat come into view.
A goblin comes into view. It is wielding a +0 club.
The goblin moves out of view.
A rat comes into view.
Are you sure you want to abandon this character and quit the game? (Confirm with "yes".)

####..........#
.........####.####
###.#....).......#
#.#.#.#####.##.#
#.#.#.# #.##.##
#.#.#.# #.#...###
#.#.#.# #.......#
..#.#.# ###...#.#
.##.#.# #.#@#>#.#
#........#
#.#.#.#.##
#......... #
#.#.#.#.#
l..r....# #.# #.#
... r#


You could see a frilled lizard (asleep) and a rat (asleep).

Vanquished Creatures
  A dart slug (D:1)
  A bat (D:1)
  An endoplasm (D:1)
  2 giant cockroaches (D:1)
  A goblin (D:1)
  4 jackals (D:1)
  A kobold (D:1)
  A quokka (D:1)
  A ball python (D:1)
13 creatures vanquished.

Notes
Turn   | Place    | Note
-------+----------+-------------------------------------------
     0 | D:1      | herbaltea the Vampire Brigand began the quest for the Orb.
     0 | D:1      | Reached XP level 1. HP: 16/16 MP: 1/1
    71 | D:1      | Reached skill level 6 in Stealth
    76 | D:1      | Reached XP level 2. HP: 22/22 MP: 2/2
   287 | D:1      | Quit the game

Illustrated notes

Levels and vault maps discovered:
D:1:      dpeg_arrival_chambers_temple_mockup, layout_loops_ring,
          shapermc_ecumenical_altar_acropolis, st_stairs_8,
          hangedman_decor_peaks_small

Skill      XL: |  1 |
---------------+----+-----
Stealth        | 6 |  6.3
Fighting       | |  1.9
Short Blades   | |  2.6
Throwing       | |  1.7
Dodging        | |  1.4

Action                   || total
-------------------------++-------
Melee: Dagger            ||    32
 Stab: Sleeping          ||     6
Armor: Robe              ||     8
Dodge: Dodged            ||    13

Table legend: (Time is in decaauts)
 A = Elapsed time spent in this place.
 B = Non-inter-level travel time spent in this place.
 C = Inter-level travel time spent in this place.
 D = Time resting spent in this place.
 E = Time spent auto-exploring this place.
 F = Levels seen in this place.
 G = Mean time per level.
                   A        B        C        D        E       F      G
               +--------+--------+--------+--------+--------+-----+--------+
         Total |    283 |    283 |      0 |      0 |    176 |   1 |  283.0 |
       Dungeon |    283 |    283 |      0 |      0 |    176 |   1 |  283.0 |
               +--------+--------+--------+--------+--------+-----+--------+

Top non-repeatable levels by time:
     D:1: 283 daAuts
